 Dungeon Crawl Stone Soup version 0.22.1-6-g1668fe2 (webtiles) character file.

77 redwoodhats the Insei (level 4, 0/48 HPs)
             Began as a Merfolk Transmuter on Jan 31, 2019.
             Slain by an iguana (8 damage)
             ... on level 2 of the Dungeon.
             The game lasted 00:16:36 (2253 turns).

redwoodhats the Insei (Merfolk Transmuter)          Turns: 2253, Time: 00:16:37

Health: 0/48       AC: 22    Str: 11    XL:     4   Next: 34%
Magic:  7/7        EV:  2    Int: 12    God:
Gold:   101        SH:  0    Dex: 14    Spells: 6/7 levels left

rFire    . . .     SeeInvis .   f - +0 spear
rCold    . . .     Gourm    .   (no shield)
rNeg     + + +     Faith    .   (armour currently unavailable)
rPois    +         Spirit   .   (helmet currently unavailable)
rElec    .         Reflect  .   (cloak currently unavailable)
rCorr    .         Harm     .   (gloves currently unavailable)
MR       .....     NoTele   +   (boots currently unavailable)
Stlth    +.........             (no amulet)
HPRegen  0.16/turn              (no ring)
MPRegen  0.10/turn              (no ring)

@: tree-form
A: (change form in water), (swift swim), (stealthy swim)
a: no special abilities


You were on level 2 of the Dungeon.
You were not hungry.
You were a tree.
You visited 1 branch of the dungeon, and saw 2 of its levels.

You collected 101 gold pieces.

Inventory:

Hand Weapons
 f - a +0 spear (weapon)
 s - a +0 dire flail
Missiles
 a - 26 arrows
 p - 2 poisoned javelins (quivered)
Armour
 b - a +0 robe (melded)
 r - a +0 leather armour
Jewellery
 m - a cursed ring of see invisible {unknown}
Scrolls
 c - a scroll of enchant weapon {unknown}
 e - a scroll of enchant armour {unknown}
 g - a scroll of amnesia {unknown}
 h - a scroll of identify {unknown}
 j - a scroll of remove curse {unknown}
 k - a scroll of fog {unknown}
 l - a scroll of fear {unknown}
Potions
 i - a potion of lignification
 n - a potion of heal wounds {unknown}
 o - 2 potions of berserk rage {unknown}
 q - 2 potions of agility {unknown}
Comestibles
 d - 4 rations


   Skills:
 + Level 1.3 Fighting
 + Level 1.8 Polearms
 + Level 3.7 Dodging
 + Level 0.2 Stealth
 + Level 3.8 Unarmed Combat
 + Level 2.4 Spellcasting
 + Level 3.5 Transmutations


You had 6 spell levels left.
You knew the following spells:

 Your Spells              Type           Power        Failure   Level  Hunger
a - Beastly Appendage     Tmut           #.....       6%          1    ##.....

Your spell library contained the following spells:

 Spells                   Type           Power        Failure   Level  Hunger
 Sticks to Snakes         Tmut           #.......     10%         2    ###....
 Spider Form              Tmut/Pois      #.........   36%         3    ####...
 Ice Form                 Ice/Tmut       #.......     77%         4    #####..
 Blade Hands              Tmut           #.........   86%         5    ######.


Dungeon Overview and Level Annotations

Branches:
Dungeon (2/15)

Altars:
Uskayaw


Message History

The iguana barely misses you.
It was a potion of lignification.
Your horns disappear.
You turn into a tree.
Your +0 robe melds into your body.
Your roots penetrate the ground.
The iguana bites you but does no damage.
You hit the iguana but do no damage.
The iguana is moderately wounded.
The iguana hisses menacingly.
The iguana bites you but does no damage.
You closely miss the iguana.
The iguana is moderately wounded.
The iguana bites you but does no damage.
You closely miss the iguana. You punch the iguana.
The iguana is moderately wounded.
The iguana bites you but does no damage.
You hit the iguana but do no damage.
The iguana is moderately wounded.
The iguana bites you!
You die...

#.#.#.# ..##.# ....#.#
#### ##.# #.### # ....
## #.#### #^...##
##.....## #########
##.......# #.......###
#......... #...l♣..$.#
#.........
....#####.#.###.†.......
. #......>..........
#.##...#.##....... #.
#...........#.# ###.. #
#...#.##.#..#.# .?...
##.##.####..#.# #...
#.##.# #..#.# #...#
#.##.# #..#.#


You could see an iguana.

Vanquished Creatures
  2 adders (D:2)
  2 oozes
  2 worms (D:2)
  A dart slug (D:1)
  3 leopard geckos
  4 goblins
  4 hobgoblins
  2 jackals (D:1)
  A quokka (D:2)
  6 bats
  2 frilled lizards (D:1)
  5 kobolds
  7 rats
41 creatures vanquished.

Notes
Turn   | Place    | Note
-------+----------+-------------------------------------------
     0 | D:1      | redwoodhats the Merfolk Transmuter began the quest for the
                  | Orb.
     0 | D:1      | Reached XP level 1. HP: 15/15 MP: 3/3
   274 | D:1      | Reached XP level 2. HP: 13/21 MP: 5/5
   970 | D:1      | Reached XP level 3. HP: 24/26 MP: 4/6
  1392 | D:2      | HP: 1/26 [worm (8)]
  1696 | D:2      | Reached skill level 1 in Polearms
  1855 | D:2      | Reached XP level 4. HP: 22/32 MP: 5/7
  1995 | D:2      | Found a hide-covered altar of Uskayaw.
  2253 | D:2      | Slain by an iguana

Skill      XL: |  1  2  3 |
---------------+----------+-----
Dodging        | 3 |  3.7
Transmutations | 3 |  3.5
Polearms       | 1 |  1.8
Fighting       | |  1.3
Stealth        | |  0.2
Unarmed Combat | |  3.8
Spellcasting   | |  2.4

Action                   |  1- 3 |  4- 6 || total
-------------------------+-------+-------++-------
Melee: Spear             |   102 |    60 ||   162
       Unarmed           |     3 |       ||     3
       Headbutt          |    14 |       ||    14
       Punch             |     2 |     2 ||     4
 Cast: Beastly Appendage |    15 |     4 ||    19
  Use: Potion            |     1 |     1 ||     2
  Eat: Ration            |     1 |       ||     1
       Chunk             |     1 |       ||     1
Armor: Robe              |    33 |     7 ||    40
       Skin              |       |     4 ||     4
Dodge: Dodged            |    97 |    35 ||   132
